 Dungeon Crawl Stone Soup version 0.21.1-1-g345015f (webtiles) character file.

415 chorionicmirror the Skirmisher (level 6, 0/55 HPs)
             Began as a Draconian Berserker on June 9, 2018.
             Was a Believer of Trog.
             Slain by a worker ant (2 damage)
             ... on level 4 of the Dungeon.
             The game lasted 00:25:45 (3434 turns).

chorionicmirror the Skirmisher (DrBe)               Turns: 3434, Time: 00:25:46

Health: 0/55       AC:  8    Str: 18 (21) XL:     6   Next: 60%
Magic:  6/6        EV: 19    Int:  6 (8)  God:    Trog [**....]
Gold:   267        SH:  0    Dex: 12 (15) Spells: 5/5 levels left

rFire    . . .     SeeInvis .   r - +0 scythe
rCold    . . .     Gourm    .   (shield currently unavailable)
rNeg     . . .     Faith    .   (armour unavailable)
rPois    .         Spirit   .   (helmet restricted)
rElec    .         Reflect  .   (no cloak)
rCorr    .         Harm     .   d - +1 pair of gloves
MR       ++...                  (no boots)
Stlth    +++.......             (no amulet)
HPRegen  1.18/turn              (no ring)
MPRegen  0.10/turn              (no ring)

@: agile, lethally poisoned (0 -> -1), regenerating
A: unfitting armour, talons 1, deterioration 1, cold-blooded, AC +6
a: Berserk, Trog's Hand, Burn Spellbooks, Renounce Religion


You were on level 4 of the Dungeon.
You worshipped Trog.
Trog was pleased with you.
You were not hungry.

You visited 1 branch of the dungeon, and saw 4 of its levels.

You collected 267 gold pieces.

Inventory:

Hand Weapons
 c - a +0 whip of holy wrath
 p - a +1 war axe
 r - a +0 scythe (weapon)
 v - a +0 blowgun
Missiles
 e - 21 poisoned needles (quivered)
 i - 27 arrows
 l - 105 bolts
 o - 62 stones
 q - 22 sling bullets
Armour
 d - a +1 pair of gloves (worn)
Jewellery
 m - a +3 ring of evasion {unknown}
Scrolls
 g - a scroll of remove curse
 h - 2 scrolls of magic mapping
 k - 2 scrolls of teleportation
 t - a scroll of identify
Potions
 f - a potion of berserk rage
Books
 u - a book of Air

   Spells                             Type                      Level
   a - Shock                          Conjuration/Air              1
   b - Swiftness                      Charms/Air                   2
   c - Static Discharge               Conjuration/Air              3
   d - Airstrike                      Air                          4
   e - Lightning Bolt                 Conjuration/Air              5
   Trog disapproves of the use of such an item.
Comestibles
 b - 3 rations
 n - 7 chunks of flesh


   Skills:
 * Level 4.9 Fighting
 - Level 4.0(4.3) Axes
 - Level 2.0(3.2) Maces & Flails
 * Level 1.1(2.7) Polearms
 - Level 1.0 Throwing
 * Level 4.5 Dodging
 - Level 1.1 Stealth


You had 5 spell levels left.
You didn't know any spells.

Dungeon Overview and Level Annotations

Branches:
Dungeon (4/15)
 Temple: D:4-7

Altars:
Ashenzari


Innate Abilities, Weirdness & Mutations

Your plain brown scales are hard. (AC +6)
You cannot fit into any form of body armour.
You are cold-blooded and may be slowed by cold attacks.
You have sharp toenails.
Your body sometimes deteriorates upon taking damage.


Message History

You are feeling hungry.
* * * LOW HITPOINT WARNING * * *
You feel sick. The worker ant barely misses you.
* * * LOW HITPOINT WARNING * * *
You feel sick.
* * * LOW HITPOINT WARNING * * *
You feel sick.
It was a potion of degeneration.
There was something very wrong with that liquid.
You feel weakened.
You feel dopey.
You feel clumsy.
You feel sick. The worker ant closely misses you.
The worker ant completely misses you.
Eat one of 8 chunks of flesh? (ye/n/q)
You eat one of the 8 chunks of flesh.
This raw flesh tastes terrible.
* * * LOW HITPOINT WARNING * * *
You feel sick. The worker ant completely misses you.
It was a potion of agility.
You feel agile all of a sudden.
You feel sick. The worker ant bites you.
You die...

#.....# #####+###****
#.....# #.......#
#.....# #.......#
#.....# #.......#
......####.......#
###.##...........#######
#.##..>..............#
**#.##.#...............#
,*#.####.......=@a.....#
,*#.#..+...............#
,*#.#.##.........#######
,*#.#.##......####
,*#.#.##......#
,##.#.##......#
.##.#.##......#
.##.#'#########
###.........#


You could see a worker ant.

Vanquished Creatures
  Sigmund (D:4)
  The ghost of Iko the Skirmisher, a weakling BaAK of Lugonu (D:3)
  A bullfrog skeleton (D:4)
  2 hounds (D:4)
  An orc wizard (D:4)
  A hound skeleton (D:4)
  2 adders
  An ooze (D:1)
  An adder skeleton (D:4)
  A worm (D:4)
  2 leopard geckos
  5 orcs
  4 bats
  2 giant cockroaches
  2 hobgoblins
  2 quokkas
  8 frilled lizards
  5 goblins
  7 kobolds
  6 rats
  A plant (D:2)
56 creatures vanquished.

Notes
Turn   | Place    | Note
-------+----------+-------------------------------------------
     0 | D:1      | chorionicmirror the Draconian Berserker began the quest for the Orb.
     0 | D:1      | Reached XP level 1. HP: 19/19 MP: 1/1
   403 | D:1      | Reached XP level 2. HP: 26/26 MP: 2/2
  1933 | D:3      | Reached skill level 1 in Maces & Flails
  1933 | D:3      | Reached XP level 3. HP: 33/33 MP: 3/3
  2021 | D:3      | Noticed Iko's ghost (weakling BaAK)
  2040 | D:3      | Killed Iko's ghost
  2040 | D:3      | Reached skill level 1 in Throwing
  2040 | D:3      | Reached skill level 1 in Stealth
  2040 | D:3      | Reached XP level 4. HP: 16/40 MP: 4/4
  2754 | D:4      | Reached ** piety under Trog
  2884 | D:4      | Noticed Sigmund
  2893 | D:4      | Reached XP level 5. HP: 36/46 MP: 5/5
  3191 | D:4      | Killed Sigmund
  3191 | D:4      | Reached XP level 6. HP: 30/53 MP: 6/6
  3228 | D:4      | Found a shattered altar of Ashenzari.
  3306 | D:4      | Reached skill level 1 in Polearms
  3428 | D:4      | Gained mutation: Your body sometimes deteriorates upon taking damage. [potion of mutation]
  3428 | D:4      | Gained mutation: You have sharp toenails. [potion of mutation]
  3431 | D:4      | HP: 2/55 [poisoned by a worker ant]
  3434 | D:4      | Slain by a worker ant

Skill      XL: |  1  2  3  4  5  6 |
---------------+-------------------+-----
Dodging        | 3 4 |  4.5
Maces & Flails | 1 2 |  2.0
Throwing       | 1 |  1.0
Stealth        | 1 |  1.1
Fighting       | 4 |  4.9
Axes           | 4 |  4.0
Polearms       | 1 |  1.1

Action                   |  1- 3 |  4- 6 || total
-------------------------+-------+-------++-------
Melee: Whip              |   178 |    43 ||   221
       Tailslap          |    27 |    11 ||    38
       Hand axe          |     1 |       ||     1
       War axe           |       |    45 ||    45
       Scythe            |       |    45 ||    45
Invok: Berserk           |     2 |       ||     2
       Trog's Hand       |       |     1 ||     1
  Use: Potion            |     5 |     3 ||     8
       Scroll            |     4 |     6 ||    10
 Stab: Sleeping          |     3 |     4 ||     7
  Eat: Chunk             |     2 |     6 ||     8
       Ration            |     1 |       ||     1
Armor: Skin              |    34 |    40 ||    74
Dodge: Dodged            |    73 |   112 ||   185
